Jets vs Capitals (R3)

Created - 8 janvier 2018 at 15:34

Goals
1 2 3 OT1 T
Jets 2 0 1 0 3
Capitals 0 0 3 1 4
Shots
1 2 3 OT1 T
Jets 17 10 10 4 41
Capitals 4 8 19 2 33

1st period

1. Jets , Frederick Gaudreau 1 (Wayne Simmonds 23, Marian Hossa 16) at 2:09 (PP)
2. Jets , Wayne Simmonds 25 (Marian Hossa 17, Alex Galchenyuk 17) at 5:29

Penalties :
Brendan Smith (WAS) for Interference (Minor) at 1:10, Marian Hossa (WIN) for High sticking (Minor) at 14:52

2nd period

No Goal

Penalties :
Alex Galchenyuk (WIN) for Tripping (Minor) at 1:22, Josh Manson (WIN) for Hooking (Minor) at 9:21, Jake Guentzel (WAS) for Hooking (Minor) at 11:56, Zach Bogosian (WAS) for Roughing (Minor) at 14:35

3rd period

3. Jets , Wayne Simmonds 26 (Alex Galchenyuk 18) at 4:37
4. Capitals , Darren Helm 4 (Jake Guentzel 10, Joakim Nordstrom 4) at 7:11
5. Capitals , Claude Giroux 16 (Ondrej Palat 16, Josh Bailey 13) at 17:54 (PP)
6. Capitals , Tobias Rieder 9 (Valtteri Filppula 15, Claude Giroux 20) at 19:02 (PP)

Penalties :
Oliver Ekman-Larsson (WAS) for Roughing (Minor) at 0:13, Joshua Morrissey (WIN) for High sticking (Minor) at 9:19, Brett Ritchie (WIN) for Hooking (Minor) at 11:35, Brett Ritchie (WIN) for Holding Stick (Minor) at 17:41, Brett Ritchie (WIN) for Hooking (Minor) at 18:33

Overtime #1

7. Capitals , Brock Nelson 8 (Oliver Ekman-Larsson 17, Darren Helm 10) at 4:40

Penalties :
No Penalty

Goalie Stats

Anton Forsberg (WIN), 29 saves from 33 shots - (0,879), OTL, 6-3-1, 64:40 minutes
Jonathan Quick (WAS), 38 saves from 41 shots - (0,927), W, 12-8-6, 64:40 minutes

Players Stats for Jets

Player Name              G  A  P  +/- PIM S  H  SB GA TA FO     MP     PP MP  PK MP  
------------------------------------------------------------------------------------
Alex Galchenyuk          0  2  2   1  2   3  0  1  0  0  10/24  22:21   2:55   3:17 
Brett Ritchie            0  0  0   0  6   1  2  0  0  0  0/0    11:52   0:03   0:00 
Colton Sissons           0  0  0  -1  0   4  0  0  1  0  2/5     9:49   0:00   0:33 
Eric Fehr                0  0  0   0  0   0  3  0  0  0  4/7    20:08   2:55   6:06 
Frederick Gaudreau       1  0  1   0  0   1  0  0  0  0  12/20  14:18   3:58   0:00 
Jacob Josefson           0  0  0   0  0   3  0  0  0  0  1/2    10:13   0:00   2:33 
Jay McClement            0  0  0   0  0   0  1  0  0  0  3/5     7:26   0:00   0:00 
Jimmy Vesey              0  0  0   0  0   6  0  0  1  1  0/0    10:53   0:03   0:08 
Josh Manson              0  0  0   0  2   0  0  1  0  0  0/0    20:25   2:08   3:37 
Joshua Morrissey         0  0  0   0  2   1  4  3  0  0  0/0    23:38   4:48   0:33 
Marian Hossa             0  2  2   1  2   3  1  2  1  1  0/1    20:48   3:58   2:17 
Mark Pysyk               0  0  0   0  0   3  1  4  0  0  0/0    23:06   4:48   0:00 
Michael Sgarbossa        0  0  0   0  0   0  0  0  0  0  7/11    9:53   0:00   0:00 
Nate Prosser             0  0  0   0  0   2  0  3  0  2  0/0    18:40   0:00   6:27 
Nathan Paetsch           0  0  0   0  0   2  1  0  0  0  0/0    18:05   0:00   5:50 
Travis Hamonic           0  0  0   1  0   4  1  0  0  1  0/0    21:17   2:08   4:47 
Troy Brouwer             0  0  0   0  0   3  1  0  1  0  1/1    14:36   2:58   0:00 
Wayne Simmonds           2  1  3   0  0   5  3  2  0  2  0/2    25:48   3:58   6:20 

Players Stats for Capitals

Player Name              G  A  P  +/- PIM S  H  SB GA TA FO     MP     PP MP  PK MP  
------------------------------------------------------------------------------------
Anders Bjork             0  0  0   0  0   1  0  1  0  0  0/0     9:01   0:00   1:34 
Anton Stralman           0  0  0  -1  0   3  3  1  1  0  0/0    26:51   6:38   0:54 
Ben Chiarot              0  0  0  -1  0   0  0  1  0  0  0/0    20:09   3:59   2:31 
Brady Skjei              0  0  0   1  0   0  1  1  0  0  0/0    16:30   0:00   4:25 
Brendan Smith            0  0  0   1  2   0  2  0  0  1  0/0    15:49   0:00   3:45 
Brock Nelson             1  0  1   1  0   4  1  0  0  0  0/0    18:07   4:47   0:00 
Claude Giroux            1  1  2  -1  0   3  0  2  0  1  14/23  19:56   5:50   0:32 
Darren Helm              1  1  2   1  0   3  1  1  1  0  8/17   14:56   0:00   3:43 
Jake Guentzel            0  1  1   0  2   1  0  1  1  1  0/0    11:13   0:00   0:00 
Joakim Nordstrom         0  1  1   0  0   1  0  1  0  0  0/1    13:11   0:00   1:37 
Josh Bailey              0  1  1   0  0   0  3  0  1  0  0/1    18:27   5:50   0:04 
Nick Shore               0  0  0   0  0   2  1  0  0  0  1/3    11:08   0:00   3:41 
Oliver Ekman-Larsson     0  1  1   0  2   4  0  1  1  0  0/0    25:32   6:38   0:00 
Ondrej Palat             0  1  1  -1  0   2  2  1  1  0  1/2    19:18   5:50   0:00 
Riley Sheahan            0  0  0   0  0   1  0  0  1  0  2/8    10:48   0:00   2:41 
Tobias Rieder            1  0  1  -1  0   4  0  0  0  1  1/2    17:41   4:47   0:00 
Valtteri Filppula        0  1  1   0  0   3  2  2  0  0  11/21  18:07   4:47   0:00 
Zach Bogosian            0  0  0  -1  2   1  1  0  0  0  0/0    20:16   3:59   2:17 

3 Stars

1 - Wayne Simmonds (WIN)
2 - Darren Helm (WAS)
3 - Brock Nelson (WAS)

Power Play

Jets - 1 on 4 Attempt(s) - 25,00%
Capitals - 2 on 7 Attempt(s) - 28,57%

Penalty Kill

Jets - 5 on 7 Attempt(s) - 71,43% - Score 0 goal in Penalty Kill
Capitals - 3 on 4 Attempt(s) - 75,00% - Score 0 goal in Penalty Kill

Team Stat

Jets - Hits : 18 - Faceoff Wins : 40 - Blocked Shots : 16 - Penalty Minutes : 14
Capitals - Hits : 17 - Faceoff Wins : 38 - Blocked Shots : 13 - Penalty Minutes : 8

Official

Referees : Dave Lewis and Dennis LaRue
Linesman : Vaughan Rody and Pierre Racicot

Game Notes

Marian Hossa is injured at 18:22 of 3rd period (Bruised Left Arm)

Finance

Level 1 -- Attendance: 4723 (78,72%) -- Ticket Income 472 300 $
Level 2 -- Attendance: 3238 (64,76%) -- Ticket Income 226 660 $
Level 3 -- Attendance: 1410 (70,50%) -- Ticket Income 59 220 $
Level 4 -- Attendance: 2926 (73,15%) -- Ticket Income 73 150 $
Luxury Box -- Attendance: 726 (72,60%) -- Ticket Income 141 570 $
Game was played at the Washington Arena.
Total Attendance: 13023 (72,35%)
Total Ticket Income: 972 900 $
Other Income: 476 721 $
Total Income: 1 449 621 $

Jets

5 vs 5 Forward 
   Center                   Left Wing                Right Wing               Time % Phy DF OF 
 1 Alex Galchenyuk          Wayne Simmonds           Marian Hossa             40     1   2  2  
 2 Michael Sgarbossa        Eric Fehr                Troy Brouwer             30     1   2  2  
 3 Frederick Gaudreau       Jimmy Vesey              Brett Ritchie            20     1   2  2  
 4 Jay McClement            Jacob Josefson           Colton Sissons           10     1   2  2  

5 vs 5 Defense 
   Defense                  Defense                                           Time % Phy DF OF 
 1 Mark Pysyk               Joshua Morrissey                                  40     1   2  2  
 2 Travis Hamonic           Josh Manson                                       30     1   2  2  
 3 Nate Prosser             Nathan Paetsch                                    20     1   2  2  
 4 Mark Pysyk               Joshua Morrissey                                  10     1   2  2  

PowerPlay Forward 
   Center                   Left Wing                Right Wing               Time % Phy DF OF 
 1 Frederick Gaudreau       Wayne Simmonds           Marian Hossa             60     1   2  2  
 2 Alex Galchenyuk          Eric Fehr                Troy Brouwer             40     1   2  2  

PowerPlay Defense
   Defense                  Defense                                           Time % Phy DF OF 
 1 Mark Pysyk               Joshua Morrissey                                  60     1   2  2  
 2 Travis Hamonic           Josh Manson                                       40     1   2  2  

Penalty Kill 4 Players Forward 
   Center                   Wing                     Time % Phy DF OF 
 1 Eric Fehr                Wayne Simmonds           60     1   2  2  
 2 Marian Hossa             Alex Galchenyuk          40     1   2  2  

Penalty Kill 4 Players Defense
   Defense                  Defense                  Time % Phy DF OF 
 1 Nate Prosser             Nathan Paetsch           60     1   2  2  
 2 Travis Hamonic           Josh Manson              40     1   2  2  

Penalty Kill - 3 Players Forward 
   Forward                                           Time % Phy DF OF 
 1 Eric Fehr                                         60     1   2  2  
 2 Colton Sissons                                    40     1   2  2  

Penalty Kill - 3 Players Defense
   Defense                  Defense                  Time % Phy DF OF 
 1 Mark Pysyk               Nate Prosser             60     1   2  2  
 2 Travis Hamonic           Josh Manson              40     1   2  2  

4 vs 4 Forward 
   Center                   Wing                     Time % Phy DF OF 
 1 Michael Sgarbossa        Wayne Simmonds           60     1   2  2  
 2 Marian Hossa             Alex Galchenyuk          40     1   2  2  

4 vs 4 Defense
   Defense                  Defense                  Time % Phy DF OF 
 1 Nate Prosser             Nathan Paetsch           60     1   2  2  
 2 Travis Hamonic           Josh Manson              40     1   2  2  

Last Minutes Offensive
   Center                   Left Wing                Right Wing               Defense                  Defense                  
   Colton Sissons           Wayne Simmonds           Marian Hossa             Travis Hamonic           Joshua Morrissey         

Last Minutes Defensive
   Center                   Left Wing                Right Wing               Defense                  Defense                  
   Colton Sissons           Wayne Simmonds           Marian Hossa             Travis Hamonic           Joshua Morrissey         

Goaltenders
Starting : Anton Forsberg           
Backup : Craig Anderson           

Extra Forwards
Normal : Frederick Gaudreau, Brett Ritchie, Jacob Josefson - PP : Frederick Gaudreau, Brett Ritchie - PK : Jacob Josefson
Extra Defensemen
Normal : Mark Pysyk, Nate Prosser, Travis Hamonic - PP : Mark Pysyk - PK : Travis Hamonic, Josh Manson
Penalty Shots
Jacob Josefson, Wayne Simmonds, Marian Hossa, Alex Galchenyuk, Troy Brouwer
Custom OT Lines Forwards
Colton Sissons, Wayne Simmonds, Marian Hossa, Alex Galchenyuk, Troy Brouwer, Eric Fehr, Brett Ritchie, Jacob Josefson, Jay McClement, Jimmy Vesey
Custom OT Lines Defensemen
Nate Prosser, Nathan Paetsch, Travis Hamonic, Josh Manson, Mark Pysyk

Scratches
Nathan MacKinnon (Exhaustion), Duncan Keith (Healthy), Josh Gorges (Healthy), Ondrej Pavelec (Healthy)

Capitals

5 vs 5 Forward 
   Center                   Left Wing                Right Wing               Time % Phy DF OF 
 1 Claude Giroux            Ondrej Palat             Tobias Rieder            30     0   2  3  
 2 Valtteri Filppula        Brock Nelson             Josh Bailey              30     0   1  4  
 3 Darren Helm              Jake Guentzel            Joakim Nordstrom         25     0   2  3  
 4 Riley Sheahan            Anders Bjork             Nick Shore               15     1   3  1  

5 vs 5 Defense 
   Defense                  Defense                                           Time % Phy DF OF 
 1 Oliver Ekman-Larsson     Anton Stralman                                    33     0   3  2  
 2 Zach Bogosian            Ben Chiarot                                       30     0   3  2  
 3 Brendan Smith            Brady Skjei                                       27     0   3  2  
 4 Oliver Ekman-Larsson     Anton Stralman                                    10     0   4  1  

PowerPlay Forward 
   Center                   Left Wing                Right Wing               Time % Phy DF OF 
 1 Claude Giroux            Ondrej Palat             Josh Bailey              60     0   0  5  
 2 Valtteri Filppula        Brock Nelson             Tobias Rieder            40     0   0  5  

PowerPlay Defense
   Defense                  Defense                                           Time % Phy DF OF 
 1 Oliver Ekman-Larsson     Anton Stralman                                    60     0   1  4  
 2 Zach Bogosian            Ben Chiarot                                       40     0   1  4  

Penalty Kill 4 Players Forward 
   Center                   Wing                     Time % Phy DF OF 
 1 Darren Helm              Nick Shore               60     1   4  0  
 2 Riley Sheahan            Joakim Nordstrom         40     1   4  0  

Penalty Kill 4 Players Defense
   Defense                  Defense                  Time % Phy DF OF 
 1 Brady Skjei              Brendan Smith            60     1   4  0  
 2 Zach Bogosian            Ben Chiarot              40     1   4  0  

Penalty Kill - 3 Players Forward 
   Forward                                           Time % Phy DF OF 
 1 Darren Helm                                       60     0   5  0  
 2 Riley Sheahan                                     40     0   5  0  

Penalty Kill - 3 Players Defense
   Defense                  Defense                  Time % Phy DF OF 
 1 Brady Skjei              Brendan Smith            60     1   4  0  
 2 Zach Bogosian            Ben Chiarot              40     1   4  0  

4 vs 4 Forward 
   Center                   Wing                     Time % Phy DF OF 
 1 Claude Giroux            Ondrej Palat             60     0   2  3  
 2 Valtteri Filppula        Brock Nelson             40     0   2  3  

4 vs 4 Defense
   Defense                  Defense                  Time % Phy DF OF 
 1 Oliver Ekman-Larsson     Anton Stralman           60     0   3  2  
 2 Zach Bogosian            Ben Chiarot              40     0   3  2  

Last Minutes Offensive
   Center                   Left Wing                Right Wing               Defense                  Defense                  
   Claude Giroux            Ondrej Palat             Josh Bailey              Oliver Ekman-Larsson     Anton Stralman           

Last Minutes Defensive
   Center                   Left Wing                Right Wing               Defense                  Defense                  
   Claude Giroux            Ondrej Palat             Josh Bailey              Oliver Ekman-Larsson     Anton Stralman           

Goaltenders
Starting : Jonathan Quick           
Backup : Antti Raanta             

Extra Forwards
Normal : Nick Shore, Darren Helm, Riley Sheahan - PP : Nick Shore, Darren Helm - PK : Riley Sheahan
Extra Defensemen
Normal : Brendan Smith, Brady Skjei, Zach Bogosian - PP : Brendan Smith - PK : Brady Skjei, Zach Bogosian
Penalty Shots
Claude Giroux, Ondrej Palat, Valtteri Filppula, Brock Nelson, Josh Bailey
Custom OT Lines Forwards
Claude Giroux, Ondrej Palat, Valtteri Filppula, Brock Nelson, Josh Bailey, Tobias Rieder, Darren Helm, Riley Sheahan, Anders Bjork, Jake Guentzel
Custom OT Lines Defensemen
Oliver Ekman-Larsson, Anton Stralman, Zach Bogosian, Ben Chiarot, Brendan Smith

Scratches
Drew Miller (Healthy), Simon Despres (Healthy), Brandon Pirri (Healthy)

% Time on Ice - Jets

Lines # - Real PCT - Wanted PCT - Time Play
Normal Forward
1 - 33% - 40% - 13:49
2 - 26% - 30% - 10:59
3 - 24% - 20% - 10:20
4 - 17% - 10% - 7:19
Normal Defense
1 - 42% - 40% - 17:48
2 - 33% - 30% - 13:57
3 - 23% - 20% - 9:37
4 - 3% - 10% - 1:05
PP Forward
1 - 57% - 60% - 3:58
2 - 43% - 40% - 2:58
PP Defense
1 - 69% - 60% - 4:48
2 - 31% - 40% - 2:08
PK Forward
1 - 72% - 60% - 7:39
2 - 28% - 40% - 2:58
PK Defense
1 - 55% - 60% - 5:50
2 - 45% - 40% - 4:47
PK3 Forward
1 - 0% - 60%
2 - 0% - 40%
PK3 Defense
1 - 0% - 60%
2 - 0% - 40%
44 Forward
1 - 0% - 60%
2 - 0% - 40%
44 Defense
1 - 0% - 60%
2 - 0% - 40%
Last Minute Offensive  - 0:00
Last Minute Defensive  - 0:00
Total
Forward - 60:00
Defense - 60:00

% Time on Ice - Capitals

Lines # - Real PCT - Wanted PCT - Time Play
Normal Forward
1 - 28% - 30% - 12:01
2 - 28% - 30% - 11:55
3 - 26% - 25% - 11:04
4 - 18% - 15% - 7:27
Normal Defense
1 - 36% - 33% - 15:26
2 - 32% - 30% - 13:39
3 - 28% - 27% - 11:42
4 - 4% - 10% - 1:40
PP Forward
1 - 55% - 60% - 5:50
2 - 45% - 40% - 4:47
PP Defense
1 - 62% - 60% - 6:38
2 - 38% - 40% - 3:59
PK Forward
1 - 77% - 60% - 5:19
2 - 23% - 40% - 1:37
PK Defense
1 - 64% - 60% - 4:25
2 - 36% - 40% - 2:31
PK3 Forward
1 - 0% - 60%
2 - 0% - 40%
PK3 Defense
1 - 0% - 60%
2 - 0% - 40%
44 Forward
1 - 0% - 60%
2 - 0% - 40%
44 Defense
1 - 0% - 60%
2 - 0% - 40%
Last Minute Offensive  - 0:00
Last Minute Defensive  - 0:00
Total
Forward - 60:00
Defense - 60:00

Play by Play

1st period


0:01 of 1st period - Alex Galchenyuk wins face-off versus Claude Giroux in neutral zone.
0:10 of 1st period - Wrist shot by Marian Hossa.
0:10 of 1st period - Stopped by Jonathan Quick without a rebound.
0:11 of 1st period - Michael Sgarbossa wins face-off versus Valtteri Filppula in Capitals zone.
0:55 of 1st period - Off-side.
0:56 of 1st period - Nick Shore wins face-off versus Alex Galchenyuk in neutral zone.
1:10 of 1st period - Minor Penalty to Brendan Smith for Interference.
1:11 of 1st period - Frederick Gaudreau wins face-off versus Darren Helm in Capitals zone.
2:07 of 1st period - Snap shot by Wayne Simmonds.
2:07 of 1st period - Shot Misses the Net.
2:09 of 1st period - Snap shot by Frederick Gaudreau.
2:09 of 1st period - Goal by Frederick Gaudreau - Jets : 1 - Capitals : 0.
2:10 of 1st period - Claude Giroux wins face-off versus Michael Sgarbossa in neutral zone.
2:12 of 1st period - Off-side.
2:13 of 1st period - Michael Sgarbossa wins face-off versus Ondrej Palat in neutral zone.
2:16 of 1st period - Wrist shot by Michael Sgarbossa.
2:16 of 1st period - Shot Misses the Net.
2:18 of 1st period - Slapshot by Eric Fehr.
2:18 of 1st period - Shot Misses the Net.
2:20 of 1st period - Slapshot by Josh Manson.
2:20 of 1st period - Deflect By Troy Brouwer.
2:20 of 1st period - Deflect By Tobias Rieder.
2:20 of 1st period - Stopped by Jonathan Quick without a rebound.
2:21 of 1st period - Valtteri Filppula wins face-off versus Alex Galchenyuk in Capitals zone.
2:32 of 1st period - Snap shot by Brock Nelson.
2:32 of 1st period - Stopped by Anton Forsberg without a rebound.
2:33 of 1st period - Ondrej Palat wins face-off versus Alex Galchenyuk in Jets zone.
3:42 of 1st period - Snap shot by Anders Bjork.
3:42 of 1st period - Shot Blocked by Mark Pysyk.
3:47 of 1st period - Off-side.
3:48 of 1st period - Claude Giroux wins face-off versus Alex Galchenyuk in neutral zone.
4:21 of 1st period - Backhand shot by Jimmy Vesey.
4:21 of 1st period - Shot Misses the Net.
4:23 of 1st period - Slapshot by Josh Manson.
4:23 of 1st period - Shot Misses the Net.
4:25 of 1st period - Slapshot by Brett Ritchie.
4:25 of 1st period - Shot Misses the Net.
4:55 of 1st period - Wrist shot by Ondrej Palat.
4:55 of 1st period - Shot Misses the Net.
5:08 of 1st period - Off-side.
5:09 of 1st period - Michael Sgarbossa wins face-off versus Valtteri Filppula in neutral zone.
5:13 of 1st period - Off-side.
5:14 of 1st period - Valtteri Filppula wins face-off versus Alex Galchenyuk in neutral zone.
5:19 of 1st period - Wrist shot by Valtteri Filppula.
5:19 of 1st period - Stopped by Anton Forsberg without a rebound.
5:20 of 1st period - Alex Galchenyuk wins face-off versus Darren Helm in Jets zone.
5:27 of 1st period - Wrist shot by Wayne Simmonds.
5:27 of 1st period - Shot Misses the Net.
5:29 of 1st period - Wrist shot by Wayne Simmonds.
5:29 of 1st period - Goal by Wayne Simmonds - Jets : 2 - Capitals : 0.
5:30 of 1st period - Troy Brouwer wins face-off versus Darren Helm in neutral zone.
5:37 of 1st period - Wrist shot by Troy Brouwer.
5:37 of 1st period - Stopped by Jonathan Quick with a rebound.
6:02 of 1st period - Snap shot by Alex Galchenyuk.
6:02 of 1st period - Shot Misses the Net.
6:56 of 1st period - Oliver Ekman-Larsson is hit by Mark Pysyk and loses puck.
8:53 of 1st period - Backhand shot by Jacob Josefson.
8:53 of 1st period - Stopped by Jonathan Quick with a rebound.
8:55 of 1st period - Slapshot by Travis Hamonic.
8:55 of 1st period - Deflect By Colton Sissons.
8:55 of 1st period - Shot Misses the Net.
8:55 of 1st period - Puck is out of play.
8:56 of 1st period - Valtteri Filppula wins face-off versus Jay McClement in Capitals zone.
9:07 of 1st period - Oliver Ekman-Larsson is hit by Jay McClement and loses puck.
9:22 of 1st period - Darren Helm is hit by Wayne Simmonds and loses puck.
9:43 of 1st period - Ben Chiarot is hit by Brett Ritchie and loses puck.
9:52 of 1st period - Wrist shot by Brett Ritchie.
9:52 of 1st period - Shot Blocked by Claude Giroux.
10:27 of 1st period - Snap shot by Troy Brouwer.
10:27 of 1st period - Shot Blocked by Oliver Ekman-Larsson.
10:29 of 1st period - Snap shot by Travis Hamonic.
10:29 of 1st period - Stopped by Jonathan Quick with a rebound.
10:31 of 1st period - Slapshot by Alex Galchenyuk.
10:31 of 1st period - Stopped by Jonathan Quick without a rebound.
10:32 of 1st period - Valtteri Filppula wins face-off versus Alex Galchenyuk in Capitals zone.
12:27 of 1st period - Off-side.
12:28 of 1st period - Tobias Rieder wins face-off versus Jay McClement in neutral zone.
12:53 of 1st period - Troy Brouwer is hit by Josh Bailey and loses puck.
13:02 of 1st period - Icing by Josh Bailey.
13:03 of 1st period - Valtteri Filppula wins face-off versus Frederick Gaudreau in Capitals zone.
13:09 of 1st period - Off-side.
13:10 of 1st period - Frederick Gaudreau wins face-off versus Darren Helm in neutral zone.
13:13 of 1st period - Wrist shot by Jimmy Vesey.
13:13 of 1st period - Stopped by Jonathan Quick with a rebound.
13:17 of 1st period - Snap shot by Jimmy Vesey.
13:17 of 1st period - Stopped by Jonathan Quick with a rebound.
13:19 of 1st period - Slapshot by Joshua Morrissey.
13:19 of 1st period - Deflect By Brett Ritchie.
13:19 of 1st period - Shot Misses the Net.
13:19 of 1st period - Puck is out of play.
13:20 of 1st period - Darren Helm wins face-off versus Alex Galchenyuk in Capitals zone.
13:32 of 1st period - Wrist shot by Jake Guentzel.
13:32 of 1st period - Shot Blocked by Mark Pysyk.
13:34 of 1st period - Snap shot by Oliver Ekman-Larsson.
13:34 of 1st period - Stopped by Anton Forsberg without a rebound.
13:35 of 1st period - Michael Sgarbossa wins face-off versus Valtteri Filppula in Jets zone.
14:26 of 1st period - Snap shot by Darren Helm.
14:26 of 1st period - Shot Misses the Net.
14:28 of 1st period - Wrist shot by Oliver Ekman-Larsson.
14:28 of 1st period - Shot Misses the Net.
14:30 of 1st period - Wrist shot by Darren Helm.
14:30 of 1st period - Stopped by Anton Forsberg without a rebound.
14:31 of 1st period - Valtteri Filppula wins face-off versus Alex Galchenyuk in Jets zone.
14:32 of 1st period - Slapshot by Josh Bailey.
14:32 of 1st period - Shot Misses the Net.
14:52 of 1st period - Minor Penalty to Marian Hossa for High sticking.
14:53 of 1st period - Claude Giroux wins face-off versus Eric Fehr in Jets zone.
15:58 of 1st period - Eric Fehr is hit by Brock Nelson and loses puck.
16:09 of 1st period - Slapshot by Alex Galchenyuk.
16:09 of 1st period - Deflect By Colton Sissons.
16:09 of 1st period - Stopped by Jonathan Quick without a rebound.
16:10 of 1st period - Colton Sissons wins face-off versus Claude Giroux in Capitals zone.
16:19 of 1st period - Snap shot by Alex Galchenyuk.
16:19 of 1st period - Stopped by Jonathan Quick with a rebound.
16:21 of 1st period - Snap shot by Nate Prosser.
16:21 of 1st period - Stopped by Jonathan Quick with a rebound.
16:52 of 1st period - Penalty to Marian Hossa is over, Marian Hossa is back on ice.
17:20 of 1st period - Snap shot by Anders Bjork.
17:20 of 1st period - Deflect By Jimmy Vesey.
17:20 of 1st period - Shot Blocked by Joshua Morrissey.
17:20 of 1st period - Puck is out of play.
17:21 of 1st period - Frederick Gaudreau wins face-off versus Riley Sheahan in Jets zone.
17:28 of 1st period - Slapshot by Jimmy Vesey.
17:28 of 1st period - Stopped by Jonathan Quick with a rebound.
18:09 of 1st period - Anton Stralman is hit by Eric Fehr and loses puck.
18:20 of 1st period - Claude Giroux is hit by Eric Fehr and loses puck.
18:39 of 1st period - Wrist shot by Jimmy Vesey.
18:39 of 1st period - Stopped by Jonathan Quick with a rebound.
18:41 of 1st period - Backhand shot by Joshua Morrissey.
18:41 of 1st period - Stopped by Jonathan Quick with a rebound.
18:43 of 1st period - Snap shot by Mark Pysyk.
18:43 of 1st period - Stopped by Jonathan Quick with a rebound.
19:24 of 1st period - Snap shot by Jake Guentzel.
19:24 of 1st period - Shot Misses the Net.
19:33 of 1st period - Icing by Alex Galchenyuk.
19:34 of 1st period - Michael Sgarbossa wins face-off versus Riley Sheahan in Jets zone.
19:34 of 1st period - Michael Sgarbossa is hit by Brendan Smith.
19:55 of 1st period - Eric Fehr is hit by Brady Skjei and loses puck.
Goals for this period are 2 for Jets vs 0 for Capitals.
Shots for this period are 17 for Jets vs 4 for Capitals.

2nd period


0:01 of 2nd period - Alex Galchenyuk wins face-off versus Valtteri Filppula in neutral zone.
0:26 of 2nd period - Troy Brouwer is hit by Ondrej Palat and loses puck.
0:31 of 2nd period - Snap shot by Claude Giroux.
0:31 of 2nd period - Stopped by Anton Forsberg without a rebound.
0:32 of 2nd period - Claude Giroux wins face-off versus Michael Sgarbossa in Jets zone.
0:59 of 2nd period - Claude Giroux is hit by Marian Hossa.
1:03 of 2nd period - Wrist shot by Alex Galchenyuk.
1:03 of 2nd period - Stopped by Jonathan Quick without a rebound.
1:04 of 2nd period - Alex Galchenyuk wins face-off versus Valtteri Filppula in Capitals zone.
1:07 of 2nd period - Wrist shot by Wayne Simmonds.
1:07 of 2nd period - Stopped by Jonathan Quick with a rebound.
1:13 of 2nd period - Slapshot by Valtteri Filppula.
1:13 of 2nd period - Stopped by Anton Forsberg with a rebound.
1:15 of 2nd period - Snap shot by Brock Nelson.
1:15 of 2nd period - Stopped by Anton Forsberg without a rebound.
1:16 of 2nd period - Valtteri Filppula wins face-off versus Alex Galchenyuk in Jets zone.
1:22 of 2nd period - Minor Penalty to Alex Galchenyuk for Tripping.
1:23 of 2nd period - Eric Fehr wins face-off versus Josh Bailey in Jets zone.
1:55 of 2nd period - Snap shot by Oliver Ekman-Larsson.
1:55 of 2nd period - Deflect By Valtteri Filppula.
1:55 of 2nd period - Shot Blocked by Marian Hossa.
1:55 of 2nd period - Puck is out of play.
1:56 of 2nd period - Claude Giroux wins face-off versus Marian Hossa in Jets zone.
2:27 of 2nd period - Wayne Simmonds is hit by Valtteri Filppula and loses puck.
3:22 of 2nd period - Penalty to Alex Galchenyuk is over, Alex Galchenyuk is back on ice.
4:00 of 2nd period - Snap shot by Anders Bjork.
4:00 of 2nd period - Shot Misses the Net.
4:02 of 2nd period - Slapshot by Anton Stralman.
4:02 of 2nd period - Shot Blocked by Mark Pysyk.
4:04 of 2nd period - Slapshot by Ben Chiarot.
4:04 of 2nd period - Shot Blocked by Mark Pysyk.
4:41 of 2nd period - Snap shot by Marian Hossa.
4:41 of 2nd period - Shot Blocked by Brady Skjei.
4:49 of 2nd period - Marian Hossa is hit by Josh Bailey and loses puck.
5:02 of 2nd period - Valtteri Filppula is hit by Wayne Simmonds and loses puck.
5:21 of 2nd period - Wrist shot by Wayne Simmonds.
5:21 of 2nd period - Shot Blocked by Valtteri Filppula.
5:23 of 2nd period - Slapshot by Nathan Paetsch.
5:23 of 2nd period - Stopped by Jonathan Quick with a rebound.
5:25 of 2nd period - Snap shot by Nate Prosser.
5:25 of 2nd period - Deflect By Wayne Simmonds.
5:25 of 2nd period - Shot Blocked by Anton Stralman.
5:25 of 2nd period - Puck is out of play.
5:26 of 2nd period - Claude Giroux wins face-off versus Michael Sgarbossa in Capitals zone.
5:35 of 2nd period - Snap shot by Claude Giroux.
5:35 of 2nd period - Shot Misses the Net.
6:33 of 2nd period - Slapshot by Anton Stralman.
6:33 of 2nd period - Shot Blocked by Josh Manson.
6:35 of 2nd period - Wrist shot by Tobias Rieder.
6:35 of 2nd period - Stopped by Anton Forsberg with a rebound.
6:37 of 2nd period - Wrist shot by Claude Giroux.
6:37 of 2nd period - Shot Misses the Net.
6:39 of 2nd period - Slapshot by Anton Stralman.
6:39 of 2nd period - Shot Misses the Net.
6:41 of 2nd period - Slapshot by Oliver Ekman-Larsson.
6:41 of 2nd period - Stopped by Anton Forsberg with a rebound.
7:11 of 2nd period - Travis Hamonic is hit by Zach Bogosian.
8:03 of 2nd period - Josh Bailey is hit by Nathan Paetsch and loses puck.
8:56 of 2nd period - Snap shot by Jimmy Vesey.
8:56 of 2nd period - Stopped by Jonathan Quick with a rebound.
9:21 of 2nd period - Minor Penalty to Josh Manson for Hooking.
9:22 of 2nd period - Eric Fehr wins face-off versus Claude Giroux in Jets zone.
9:26 of 2nd period - Claude Giroux is hit by Wayne Simmonds and loses puck.
9:33 of 2nd period - Slapshot by Anton Stralman.
9:33 of 2nd period - Shot Misses the Net.
10:01 of 2nd period - Slapshot by Oliver Ekman-Larsson.
10:01 of 2nd period - Shot Misses the Net.
10:03 of 2nd period - Slapshot by Anton Stralman.
10:03 of 2nd period - Shot Blocked by Alex Galchenyuk.
10:05 of 2nd period - Slapshot by Anton Stralman.
10:05 of 2nd period - Stopped by Anton Forsberg with a rebound.
10:38 of 2nd period - Icing by Zach Bogosian.
10:39 of 2nd period - Jacob Josefson wins face-off versus Valtteri Filppula in Capitals zone.
11:21 of 2nd period - Penalty to Josh Manson is over, Josh Manson is back on ice.
11:49 of 2nd period - Snap shot by Marian Hossa.
11:49 of 2nd period - Shot Blocked by Anders Bjork.
11:51 of 2nd period - Slapshot by Travis Hamonic.
11:51 of 2nd period - Stopped by Jonathan Quick with a rebound.
11:53 of 2nd period - Wrist shot by Marian Hossa.
11:53 of 2nd period - Stopped by Jonathan Quick without a rebound.
11:54 of 2nd period - Darren Helm wins face-off versus Frederick Gaudreau in Capitals zone.
11:56 of 2nd period - Minor Penalty to Jake Guentzel for Hooking.
11:57 of 2nd period - Frederick Gaudreau wins face-off versus Nick Shore in Capitals zone.
11:57 of 2nd period - Wrist shot by Wayne Simmonds.
11:57 of 2nd period - Shot Misses the Net.
12:13 of 2nd period - Wrist shot by Wayne Simmonds.
12:13 of 2nd period - Stopped by Jonathan Quick with a rebound.
13:56 of 2nd period - Penalty to Jake Guentzel is over, Jake Guentzel is back on ice.
14:32 of 2nd period - Icing by Josh Manson.
14:33 of 2nd period - Claude Giroux wins face-off versus Frederick Gaudreau in Jets zone.
14:35 of 2nd period - Minor Penalty to Zach Bogosian for Roughing.
14:36 of 2nd period - Darren Helm wins face-off versus Frederick Gaudreau in Capitals zone.
14:50 of 2nd period - Wrist shot by Nick Shore.
14:50 of 2nd period - Deflect By Wayne Simmonds.
14:50 of 2nd period - Stopped by Anton Forsberg with a rebound.
14:52 of 2nd period - Slapshot by Brendan Smith.
14:52 of 2nd period - Shot Misses the Net.
15:02 of 2nd period - Brendan Smith is hit by Eric Fehr.
15:12 of 2nd period - Slapshot by Mark Pysyk.
15:12 of 2nd period - Stopped by Jonathan Quick without a rebound.
15:13 of 2nd period - Riley Sheahan wins face-off versus Alex Galchenyuk in Capitals zone.
16:35 of 2nd period - Penalty to Zach Bogosian is over, Zach Bogosian is back on ice.
16:38 of 2nd period - Ben Chiarot is hit by Joshua Morrissey and loses puck.
17:08 of 2nd period - Snap shot by Zach Bogosian.
17:08 of 2nd period - Stopped by Anton Forsberg without a rebound.
17:09 of 2nd period - Frederick Gaudreau wins face-off versus Claude Giroux in Jets zone.
17:45 of 2nd period - Troy Brouwer is hit by Anton Stralman and loses puck.
18:14 of 2nd period - Snap shot by Colton Sissons.
18:14 of 2nd period - Stopped by Jonathan Quick without a rebound.
18:15 of 2nd period - Alex Galchenyuk wins face-off versus Claude Giroux in Capitals zone.
18:15 of 2nd period - Alex Galchenyuk is hit by Brendan Smith.
18:17 of 2nd period - Slapshot by Wayne Simmonds.
18:17 of 2nd period - Shot Misses the Net.
18:48 of 2nd period - Slapshot by Troy Brouwer.
18:48 of 2nd period - Shot Misses the Net.
19:22 of 2nd period - Snap shot by Jacob Josefson.
19:22 of 2nd period - Stopped by Jonathan Quick without a rebound.
19:23 of 2nd period - Colton Sissons wins face-off versus Darren Helm in Capitals zone.
19:54 of 2nd period - Slapshot by Mark Pysyk.
19:54 of 2nd period - Shot Misses the Net.
Goals for this period are 0 for Jets vs 0 for Capitals.
Shots for this period are 10 for Jets vs 8 for Capitals.

3rd period


0:01 of 3rd period - Claude Giroux wins face-off versus Alex Galchenyuk in neutral zone.
0:04 of 3rd period - Wrist shot by Ondrej Palat.
0:04 of 3rd period - Shot Misses the Net.
0:13 of 3rd period - Minor Penalty to Oliver Ekman-Larsson for Roughing.
0:14 of 3rd period - Frederick Gaudreau wins face-off versus Darren Helm in Capitals zone.
1:31 of 3rd period - Snap shot by Anders Bjork.
1:31 of 3rd period - Shot Misses the Net.
2:13 of 3rd period - Penalty to Oliver Ekman-Larsson is over, Oliver Ekman-Larsson is back on ice.
2:40 of 3rd period - Ben Chiarot is hit by Joshua Morrissey and loses puck.
3:54 of 3rd period - Icing by Oliver Ekman-Larsson.
3:55 of 3rd period - Riley Sheahan wins face-off versus Frederick Gaudreau in Capitals zone.
4:06 of 3rd period - Slapshot by Oliver Ekman-Larsson.
4:06 of 3rd period - Shot Misses the Net.
4:37 of 3rd period - Wrist shot by Wayne Simmonds.
4:37 of 3rd period - Goal by Wayne Simmonds - Jets : 3 - Capitals : 0.
4:38 of 3rd period - Alex Galchenyuk wins face-off versus Valtteri Filppula in neutral zone.
4:40 of 3rd period - Off-side.
4:41 of 3rd period - Valtteri Filppula wins face-off versus Alex Galchenyuk in neutral zone.
5:05 of 3rd period - Icing by Brock Nelson.
5:06 of 3rd period - Michael Sgarbossa wins face-off versus Valtteri Filppula in Capitals zone.
5:58 of 3rd period - Slapshot by Joakim Nordstrom.
5:58 of 3rd period - Shot Misses the Net.
6:15 of 3rd period - Off-side.
6:16 of 3rd period - Jay McClement wins face-off versus Riley Sheahan in neutral zone.
6:21 of 3rd period - Snap shot by Jacob Josefson.
6:21 of 3rd period - Stopped by Jonathan Quick without a rebound.
6:22 of 3rd period - Alex Galchenyuk wins face-off versus Tobias Rieder in Capitals zone.
6:31 of 3rd period - Snap shot by Wayne Simmonds.
6:31 of 3rd period - Stopped by Jonathan Quick with a rebound.
6:33 of 3rd period - Slapshot by Marian Hossa.
6:33 of 3rd period - Stopped by Jonathan Quick with a rebound.
6:35 of 3rd period - Snap shot by Marian Hossa.
6:35 of 3rd period - Shot Blocked by Claude Giroux.
6:37 of 3rd period - Slapshot by Nathan Paetsch.
6:37 of 3rd period - Stopped by Jonathan Quick with a rebound.
6:47 of 3rd period - Snap shot by Josh Bailey.
6:47 of 3rd period - Shot Blocked by Nate Prosser.
6:49 of 3rd period - Wrist shot by Anton Stralman.
6:49 of 3rd period - Shot Blocked by Nate Prosser.
6:51 of 3rd period - Snap shot by Josh Bailey.
6:51 of 3rd period - Deflect By Valtteri Filppula.
6:51 of 3rd period - Stopped by Anton Forsberg with a rebound.
6:53 of 3rd period - Wrist shot by Brock Nelson.
6:53 of 3rd period - Stopped by Anton Forsberg without a rebound.
6:54 of 3rd period - Darren Helm wins face-off versus Wayne Simmonds in Jets zone.
7:01 of 3rd period - Snap shot by Darren Helm.
7:01 of 3rd period - Deflect By Joakim Nordstrom.
7:01 of 3rd period - Shot Misses the Net.
7:01 of 3rd period - Puck is out of play.
7:02 of 3rd period - Darren Helm wins face-off versus Alex Galchenyuk in Jets zone.
7:05 of 3rd period - Snap shot by Jake Guentzel.
7:05 of 3rd period - Stopped by Anton Forsberg with a rebound.
7:11 of 3rd period - Snap shot by Darren Helm.
7:11 of 3rd period - Goal by Darren Helm - Jets : 3 - Capitals : 1.
7:12 of 3rd period - Alex Galchenyuk wins face-off versus Valtteri Filppula in neutral zone.
7:34 of 3rd period - Icing by Josh Bailey.
7:35 of 3rd period - Valtteri Filppula wins face-off versus Michael Sgarbossa in Capitals zone.
8:10 of 3rd period - Slapshot by Oliver Ekman-Larsson.
8:10 of 3rd period - Deflect By Marian Hossa.
8:10 of 3rd period - Stopped by Anton Forsberg with a rebound.
8:26 of 3rd period - Snap shot by Frederick Gaudreau.
8:26 of 3rd period - Shot Blocked by Ben Chiarot.
8:28 of 3rd period - Slapshot by Travis Hamonic.
8:28 of 3rd period - Shot Misses the Net.
8:30 of 3rd period - Wrist shot by Jimmy Vesey.
8:30 of 3rd period - Stopped by Jonathan Quick without a rebound.
8:31 of 3rd period - Michael Sgarbossa wins face-off versus Claude Giroux in Capitals zone.
8:52 of 3rd period - Brady Skjei is hit by Joshua Morrissey and loses puck.
9:13 of 3rd period - Snap shot by Darren Helm.
9:13 of 3rd period - Shot Misses the Net.
9:19 of 3rd period - Minor Penalty to Joshua Morrissey for High sticking.
9:20 of 3rd period - Claude Giroux wins face-off versus Eric Fehr in Jets zone.
9:37 of 3rd period - Wayne Simmonds is hit by Josh Bailey and loses puck.
10:38 of 3rd period - Jacob Josefson is hit by Anton Stralman and loses puck.
10:52 of 3rd period - Icing by Claude Giroux.
10:53 of 3rd period - Valtteri Filppula wins face-off versus Jacob Josefson in Capitals zone.
11:19 of 3rd period - Penalty to Joshua Morrissey is over, Joshua Morrissey is back on ice.
11:35 of 3rd period - Minor Penalty to Brett Ritchie for Hooking.
11:36 of 3rd period - Claude Giroux wins face-off versus Eric Fehr in Jets zone.
11:38 of 3rd period - Wrist shot by Claude Giroux.
11:38 of 3rd period - Shot Blocked by Wayne Simmonds.
11:40 of 3rd period - Slapshot by Oliver Ekman-Larsson.
11:40 of 3rd period - Deflect By Claude Giroux.
11:40 of 3rd period - Shot Misses the Net.
11:40 of 3rd period - Puck is out of play.
11:41 of 3rd period - Eric Fehr wins face-off versus Claude Giroux in Jets zone.
11:41 of 3rd period - Eric Fehr is hit by Ondrej Palat.
11:57 of 3rd period - Wrist shot by Ondrej Palat.
11:57 of 3rd period - Stopped by Anton Forsberg with a rebound.
12:13 of 3rd period - Wrist shot by Valtteri Filppula.
12:13 of 3rd period - Shot Misses the Net.
12:15 of 3rd period - Wrist shot by Tobias Rieder.
12:15 of 3rd period - Stopped by Anton Forsberg with a rebound.
13:35 of 3rd period - Penalty to Brett Ritchie is over, Brett Ritchie is back on ice.
13:49 of 3rd period - Off-side.
13:50 of 3rd period - Jay McClement wins face-off versus Nick Shore in neutral zone.
13:52 of 3rd period - Off-side.
13:53 of 3rd period - Jay McClement wins face-off versus Riley Sheahan in neutral zone.
14:26 of 3rd period - Snap shot by Alex Galchenyuk.
14:26 of 3rd period - Shot Misses the Net.
15:04 of 3rd period - Snap shot by Anders Bjork.
15:04 of 3rd period - Stopped by Anton Forsberg with a rebound.
15:06 of 3rd period - Snap shot by Anders Bjork.
15:06 of 3rd period - Shot Misses the Net.
15:08 of 3rd period - Slapshot by Anton Stralman.
15:08 of 3rd period - Deflect By Nick Shore.
15:08 of 3rd period - Stopped by Anton Forsberg without a rebound.
15:09 of 3rd period - Frederick Gaudreau wins face-off versus Riley Sheahan in Jets zone.
15:14 of 3rd period - Slapshot by Jimmy Vesey.
15:14 of 3rd period - Shot Misses the Net.
15:16 of 3rd period - Snap shot by Nate Prosser.
15:16 of 3rd period - Stopped by Jonathan Quick without a rebound.
15:17 of 3rd period - Darren Helm wins face-off versus Frederick Gaudreau in Capitals zone.
15:24 of 3rd period - Slapshot by Oliver Ekman-Larsson.
15:24 of 3rd period - Deflect By Darren Helm.
15:24 of 3rd period - Stopped by Anton Forsberg without a rebound.
15:25 of 3rd period - Frederick Gaudreau wins face-off versus Joakim Nordstrom in Jets zone.
15:25 of 3rd period - Frederick Gaudreau is hit by Darren Helm.
15:41 of 3rd period - Wrist shot by Jimmy Vesey.
15:41 of 3rd period - Shot Misses the Net.
16:01 of 3rd period - Snap shot by Jake Guentzel.
16:01 of 3rd period - Shot Blocked by Joshua Morrissey.
16:05 of 3rd period - Snap shot by Joakim Nordstrom.
16:05 of 3rd period - Stopped by Anton Forsberg without a rebound.
16:06 of 3rd period - Frederick Gaudreau wins face-off versus Riley Sheahan in Jets zone.
16:06 of 3rd period - Frederick Gaudreau is hit by Anton Stralman.
16:37 of 3rd period - Slapshot by Claude Giroux.
16:37 of 3rd period - Stopped by Anton Forsberg with a rebound.
16:39 of 3rd period - Slapshot by Oliver Ekman-Larsson.
16:39 of 3rd period - Shot Blocked by Wayne Simmonds.
16:41 of 3rd period - Slapshot by Claude Giroux.
16:41 of 3rd period - Shot Misses the Net.
16:43 of 3rd period - Backhand shot by Claude Giroux.
16:43 of 3rd period - Shot Blocked by Marian Hossa.
17:01 of 3rd period - Michael Sgarbossa is hit by Valtteri Filppula and loses puck.
17:24 of 3rd period - Snap shot by Colton Sissons.
17:24 of 3rd period - Stopped by Jonathan Quick with a rebound.
17:31 of 3rd period - Icing by Ondrej Palat.
17:32 of 3rd period - Claude Giroux wins face-off versus Frederick Gaudreau in Capitals zone.
17:32 of 3rd period - Claude Giroux is hit by Brett Ritchie.
17:38 of 3rd period - Snap shot by Tobias Rieder.
17:38 of 3rd period - Stopped by Anton Forsberg without a rebound.
17:39 of 3rd period - Frederick Gaudreau wins face-off versus Darren Helm in Jets zone.
17:41 of 3rd period - Minor Penalty to Brett Ritchie for Holding Stick.
17:42 of 3rd period - Claude Giroux wins face-off versus Wayne Simmonds in Jets zone.
17:54 of 3rd period - Snap shot by Claude Giroux.
17:54 of 3rd period - Goal by Claude Giroux - Jets : 3 - Capitals : 2.
17:55 of 3rd period - Frederick Gaudreau wins face-off versus Darren Helm in neutral zone.
17:58 of 3rd period - Darren Helm is hit by Joshua Morrissey and loses puck.
18:07 of 3rd period - Wrist shot by Brett Ritchie.
18:07 of 3rd period - Shot Blocked by Darren Helm.
18:09 of 3rd period - Wrist shot by Mark Pysyk.
18:09 of 3rd period - Stopped by Jonathan Quick with a rebound.
18:11 of 3rd period - Slapshot by Mark Pysyk.
18:11 of 3rd period - Shot Blocked by Jake Guentzel.
18:21 of 3rd period - Marian Hossa is hit by Nick Shore and loses puck.
18:22 of 3rd period - Marian Hossa from Jets is injured at 18:22 of 3rd period (Bruised Left Arm).
18:23 of 3rd period - Darren Helm wins face-off versus Frederick Gaudreau in Jets zone.
18:24 of 3rd period - Slapshot by Oliver Ekman-Larsson.
18:24 of 3rd period - Deflect By Brett Ritchie.
18:24 of 3rd period - Stopped by Anton Forsberg with a rebound.
18:26 of 3rd period - Snap shot by Anton Stralman.
18:26 of 3rd period - Stopped by Anton Forsberg with a rebound.
18:28 of 3rd period - Snap shot by Anton Stralman.
18:28 of 3rd period - Shot Blocked by Joshua Morrissey.
18:33 of 3rd period - Minor Penalty to Brett Ritchie for Hooking.
18:34 of 3rd period - Eric Fehr wins face-off versus Claude Giroux in Jets zone.
19:02 of 3rd period - Capitals, Jonathan Quick is pulled from the net.
19:02 of 3rd period - Snap shot by Valtteri Filppula.
19:02 of 3rd period - Deflect By Tobias Rieder.
19:02 of 3rd period - Goal by Tobias Rieder - Jets : 3 - Capitals : 3.
19:02 of 3rd period - Jonathan Quick from Capitals was sent back in the game.
19:03 of 3rd period - Frederick Gaudreau wins face-off versus Darren Helm in neutral zone.
19:14 of 3rd period - Snap shot by Jimmy Vesey.
19:14 of 3rd period - Shot Blocked by Joakim Nordstrom.
19:16 of 3rd period - Snap shot by Brett Ritchie.
19:16 of 3rd period - Stopped by Jonathan Quick with a rebound.
19:28 of 3rd period - Slapshot by Troy Brouwer.
19:28 of 3rd period - Shot Misses the Net.
19:33 of 3rd period - Oliver Ekman-Larsson is hit by Travis Hamonic and loses puck.
19:36 of 3rd period - Snap shot by Riley Sheahan.
19:36 of 3rd period - Stopped by Anton Forsberg with a rebound.
19:38 of 3rd period - Slapshot by Anton Stralman.
19:38 of 3rd period - Stopped by Anton Forsberg with a rebound.
Goals for this period are 1 for Jets vs 3 for Capitals.
Shots for this period are 10 for Jets vs 19 for Capitals.

Overtime #1


0:01 of 1st overtime period - Claude Giroux wins face-off versus Colton Sissons in neutral zone.
0:10 of 1st overtime period - Wrist shot by Ondrej Palat.
0:10 of 1st overtime period - Stopped by Anton Forsberg without a rebound.
0:11 of 1st overtime period - Alex Galchenyuk wins face-off versus Claude Giroux in Jets zone.
0:22 of 1st overtime period - Slapshot by Alex Galchenyuk.
0:22 of 1st overtime period - Shot Blocked by Valtteri Filppula.
0:38 of 1st overtime period - Ondrej Palat is hit by Troy Brouwer and loses puck.
1:23 of 1st overtime period - Slapshot by Colton Sissons.
1:23 of 1st overtime period - Shot Blocked by Ondrej Palat.
1:35 of 1st overtime period - Wrist shot by Troy Brouwer.
1:35 of 1st overtime period - Stopped by Jonathan Quick without a rebound.
1:36 of 1st overtime period - Alex Galchenyuk wins face-off versus Valtteri Filppula in Capitals zone.
1:58 of 1st overtime period - Icing by Oliver Ekman-Larsson.
1:59 of 1st overtime period - Valtteri Filppula wins face-off versus Colton Sissons in Capitals zone.
2:04 of 1st overtime period - Slapshot by Colton Sissons.
2:04 of 1st overtime period - Stopped by Jonathan Quick with a rebound.
2:06 of 1st overtime period - Snap shot by Travis Hamonic.
2:06 of 1st overtime period - Stopped by Jonathan Quick with a rebound.
2:08 of 1st overtime period - Wrist shot by Travis Hamonic.
2:08 of 1st overtime period - Shot Misses the Net.
2:10 of 1st overtime period - Slapshot by Travis Hamonic.
2:10 of 1st overtime period - Stopped by Jonathan Quick with a rebound.
2:12 of 1st overtime period - Snap shot by Alex Galchenyuk.
2:12 of 1st overtime period - Deflect By Oliver Ekman-Larsson.
2:12 of 1st overtime period - Shot Misses the Net.
2:12 of 1st overtime period - Puck is out of play.
2:13 of 1st overtime period - Claude Giroux wins face-off versus Alex Galchenyuk in Capitals zone.
2:27 of 1st overtime period - Slapshot by Ondrej Palat.
2:27 of 1st overtime period - Shot Blocked by Nate Prosser.
4:36 of 1st overtime period - Icing by Jacob Josefson.
4:37 of 1st overtime period - Darren Helm wins face-off versus Colton Sissons in Jets zone.
4:40 of 1st overtime period - Slapshot by Brock Nelson.
4:40 of 1st overtime period - Goal by Brock Nelson - Jets : 3 - Capitals : 4.
Goals for this period are 0 for Jets vs 1 for Capitals.
Shots for this period are 4 for Jets vs 2 for Capitals.